 Dungeon Crawl Stone Soup version 0.28-a0-643-g84cb2ea78e (webtiles) character file.

Game seed: 4452314013495756598

284 AlleluiaPinecone the Sneak (level 6, -2/30 HPs)
             Began as a Vine Stalker Brigand on Oct 11, 2021.
             Was an Initiate of Gozag.
             Slain by a steam dragon (4 damage)
             ... on level 4 of the Dungeon.
             The game lasted 00:09:53 (2707 turns).

AlleluiaPinecone the Sneak (Vine Stalker Brigand)   Turns: 2707, Time: 00:09:53

Health: -2/30      AC:  3    Str: 14    XL:     6   Next: 29%
Magic:  0/7        EV: 16    Int: 11    God:    Gozag
Gold:   418        SH:  0    Dex: 17    Spells: 5/5 levels left

rFire   . . .      SeeInvis .   a - +3 dagger (freeze)
rCold   . . .      Faith    .   (no shield)
rNeg    . . .      Spirit   +   b - +0 robe
rPois   .          Reflect  .   (no helmet)
rElec   .          Harm     .   c - +0 cloak
rCorr   +          Rampage  .   (no gloves)
Will    .....                   (no boots)
Stlth   ++++......              (no amulet)
HPRegen 1.10/turn               q - +4 ring of evasion
MPRegen 0.10/turn               i - ring of resist corrosion

@: no status effects
A: fangs 2, regeneration 1, magic shield, antimagic bite, no potion heal 2
a: Renounce Religion, Potion Petition, Call Merchant, Bribe Branch


You were on level 4 of the Dungeon.
You worshipped Gozag.
Gozag was aware of your devotion.
You visited 1 branch of the dungeon, and saw 4 of its levels.

You collected 418 gold pieces.

Inventory:

Hand Weapons
 a - a +3 dagger of freezing (weapon)
Missiles
 d - 39 poisoned darts (quivered)
 e - 2 curare-tipped darts
 h - 75 arrows
 k - 32 sling bullets
 t - 12 bolts
Armour
 b - a +0 robe (worn)
 c - a +0 cloak (worn)
Jewellery
 f - a ring of magical power
 i - a ring of resist corrosion (right hand)
 q - a +4 ring of evasion (left hand)
Scrolls
 j - a scroll of teleportation
 m - a scroll of immolation {unknown}
 n - 2 scrolls of amnesia {unknown}
 o - a scroll of identify
 s - a scroll of fear {unknown}
 u - a scroll of noise {unknown}
Potions
 g - 4 potions of curing {unknown}
 l - a potion of resistance {unknown}
 p - a potion of brilliance {unknown}
 r - a potion of mutation {unknown}


   Skills:
 + Level 2.3 Fighting
 + Level 3.3 Short Blades
 + Level 2.6 Throwing
 + Level 1.5 Dodging
 + Level 7.2 Stealth


You had 5 spell levels left.
You didn't know any spells.
Your spell library was empty.

Dungeon Overview and Level Annotations

Branches:
Dungeon (4/15)
 Temple: D:4-7

Altars:
Cheibriados
Gozag

Shops:
D:1 *   D:3 (   D:4 =


Innate Abilities, Weirdness & Mutations

You have extremely sharp teeth.
Your natural rate of healing is unusually fast.
When hurt, damage is shared between your health and your magic reserves.
Your bite disrupts and absorbs the magic of your enemies.
Potions cannot restore your health.


Message History

The hound skeleton is severely damaged.
The hound skeleton misses you.
You hit the hound skeleton.
The hound skeleton is severely damaged.
The hound skeleton barely misses you.
You hit the hound skeleton.
You destroy the hound skeleton!
You enter the shallow water.
Moving in this stuff is going to be slow.
You now have 413 gold pieces (gained 7).
Things that are here:
a +0 short sword; a +0 ring mail You now have 418 gold pieces (gained 5).
You enter the shallow water.
Moving in this stuff is going to be slow.
Things that are here:
a +0 short sword; a +0 ring mail
Found an escape hatch in the ceiling.
A steam dragon comes into view.
The steam dragon hisses angrily.
A steam dragon is nearby!
You throw a poisoned dart.
The poisoned dart hits the steam dragon.
The steam dragon is poisoned.
You throw a poisoned dart.
The poisoned dart closely misses the steam dragon.
You throw a poisoned dart.
The poisoned dart hits the steam dragon.
The steam dragon looks even sicker.
The steam dragon breathes steam at you. The ball of steam hits you!!
Ouch! That really hurt!
You are too injured to fight recklessly!
You are engulfed in a cloud of scalding steam.
* * * LOW HITPOINT WARNING * * *
You are engulfed in a cloud of scalding steam.
* * * LOW HITPOINT WARNING * * *
The steam dragon bites you.
You die...
Your body crumbles into a pile of gold.

# ########### #
#.........# #.....§...##
#...§.§....#
#§.§§.♣≈...# #.
#.§§.§§P...#
.#...#.§§§♣♣P..)♣## ####
....<..@§♣♣≈≈...P≈###...
######D.♣≈≈≈..≈≈≈P≈P♣.##
.(.♣♣≈≈≈....≈P≈≈≈♣# #.##
♣≈≈≈...≈≈≈P≈≈P# .(.
♣♣≈≈≈..≈≈P≈≈P♣# #(#
♣≈P≈...♣≈≈≈≈♣♣ #.
♣≈≈...≈≈≈≈≈≈≈♣ . #
♣P≈...≈≈≈≈≈≈≈♣##
♣P≈≈..≈P≈≈≈PP.#<


You could see a steam dragon (very poisoned, catching breath).

Vanquished Creatures
  2 ogres (D:4)
  A jelly (D:4)
  A hound skeleton (D:4)
  2 adders
  2 dart slugs (D:1)
  3 orcs
  6 endoplasms
  A giant cockroach (D:1)
  5 hobgoblins
  4 kobolds
  2 quokkas (D:1)
  8 ball pythons
  9 bats
  4 frilled lizards
  3 goblins (D:1)
  6 rats
59 creatures vanquished.

Notes
Turn   | Place    | Note
-------+----------+-------------------------------------------
     0 | D:1      | AlleluiaPinecone the Vine Stalker Brigand began the quest
                  | for the Orb.
     0 | D:1      | Reached XP level 1. HP: 11/11 MP: 2/2
    73 | D:1      | Found a faded altar of an unknown god.
    79 | D:1      | Reached skill level 5 in Stealth
    98 | D:1      | Prayed at the altar of an unknown god.
    98 | D:1      | Became a worshipper of Gozag Ym Sagoz the Greedy
   127 | D:1      | Reached XP level 2. HP: 14/15 MP: 3/3
   365 | D:1      | Reached skill level 1 in Dodging
   490 | D:1      | Found Zestramo's General Store.
   558 | D:1      | Reached XP level 3. HP: 18/18 MP: 4/4
  1138 | D:2      | You fall into a shaft and drop 2 floors!
  1171 | D:4      | Reached skill level 6 in Stealth
  1171 | D:4      | Gained mutation: Your natural rate of healing is unusually
                  | fast. [Vine Stalker growth]
  1171 | D:4      | Reached XP level 4. HP: 7/23 MP: 4/5
  1253 | D:4      | Found Jeih's Jewellery Shoppe.
  1253 | D:4      | Noticed an ogre
  1273 | D:4      | Killed an ogre
  1274 | D:4      | Reached XP level 5. HP: 26/26 MP: 6/6
  1422 | D:3      | Found Tukoeth's Antique Weapon Shop.
  2016 | D:2      | Found a snail-covered altar of Cheibriados.
  2629 | D:4      | Noticed an ogre
  2638 | D:4      | Killed an ogre
  2639 | D:4      | Reached skill level 7 in Stealth
  2639 | D:4      | Reached XP level 6. HP: 30/30 MP: 7/7
  2702 | D:4      | Noticed a steam dragon
  2707 | D:4      | HP: 1/30 [steam dragon] (8)]
  2707 | D:4      | Slain by a steam dragon

Illustrated notes

Levels and vault maps discovered:
D:1:      tarquinn_simple_flora_water_f, layout_loops_cross, serial_shops, shop,
          ebering_ecumenical_altar_sacrificial, minmay_pentomino_r4
D:2:      layout_rooms, basic_altar, minmay_fountain_box
D:3:      layout_loops_ring, serial_shops, shop
D:4:      layout_basic, serial_shops, shop_statue, portal_sewer_entry_d,
          minivault_26, serial_bayou_ford_a, kennysheep_small_spiral,
          uniq_natasha

Skill      XL: |  1  2  3  4  5 |
---------------+----------------+-----
Stealth        | 5 6 7 |  7.2
Short Blades   | 2 3 |  3.3
Dodging        | 1 |  1.5
Fighting       | 2 |  2.3
Throwing       | 2 |  2.6

Action                   |  1- 3 |  4- 6 || total
-------------------------+-------+-------++-------
Melee: Dagger            |    72 |    48 ||   120
       Bite              |    20 |    10 ||    30
Throw: Dart              |     4 |    24 ||    28
  Use: Scroll            |     2 |     1 ||     3
 Stab: Sleeping          |     9 |     8 ||    17
Armor: Robe              |    10 |     3 ||    13
Dodge: Dodged            |    29 |    24 ||    53

Table legend: (Time is in decaauts)
 A = Elapsed time spent in this place.
 B = Non-inter-level travel time spent in this place.
 C = Inter-level travel time spent in this place.
 D = Time resting spent in this place.
 E = Time spent auto-exploring this place.
 F = Levels seen in this place.
 G = Mean time per level.
                   A        B        C        D        E       F      G
               +--------+--------+--------+--------+--------+-----+--------+
         Total |   2697 |   2376 |    321 |     10 |   1785 |   4 |  674.2 |
       Dungeon |   2697 |   2376 |    321 |     10 |   1785 |   4 |  674.2 |
               +--------+--------+--------+--------+--------+-----+--------+

Top non-repeatable levels by time:
     D:1: 1127 daAuts
     D:3: 666 daAuts
     D:2: 612 daAuts
     D:4: 290 daAuts
